 Dungeon Crawl Stone Soup version 0.31-a0-1005-gfbdfbacc72 (webtiles) character file.

Game seed: 2986282191685921043

28 protoss039 the Digger (level 2, -1/21 HPs)
             Began as a Demonspawn Earth Elementalist on Nov 11, 2023.
             Slain by Terence
             ... wielding a +2 trident of venom
              (7 damage)
             ... on level 2 of the Dungeon.
             The game lasted 00:02:02 (818 turns).

protoss039 the Digger (DsEE)                         Turns: 818, Time: 00:02:02

Health: -1/21      AC:  3    Str:  8    XL:     2   Next: 96%
Magic:  5/5        EV: 10    Int: 16    God:
Gold:   35         SH:  4    Dex: 13    Spells: 4/5 levels left

rFire   . . .        e - +0 dagger
rCold   . . .        a - +0 buckler
rNeg    . . .        h - +0 leather armour
rPois   .            (no helmet)
rElec   .            (no cloak)
rCorr   .            (no gloves)
SInv    .            (no boots)
Will    .....        (no amulet)
Stlth   ++           (no ring)
HPRegen 0.23/turn    (no ring)
MPRegen 0.09/turn

%: no passive effects
@: lethally poisoned (-1 -> -5)
A: demonic magic 1
a: no special abilities


You were on level 2 of the Dungeon.
You visited 1 branch of the dungeon, and saw 2 of its levels.

You collected 35 gold pieces.

Inventory:

Hand Weapons
 e - a +0 dagger (weapon)
Armour
 a - a +0 buckler (worn)
 h - a +0 leather armour (worn)
Scrolls
 c - a scroll of poison {unknown}
 g - a scroll of fear {unknown}
Potions
 d - a potion of might {unknown}
 f - a potion of curing


   Skills:
 + Level 1.2 Fighting
 * Level 0.9 Short Blades
 + Level 0.0 Armour
 - Level 1.7 Dodging
 - Level 1.7 Stealth
 * Level 0.0 Shields
 + Level 2.3 Spellcasting
 - Level 0.8 Transmutations
 + Level 3.0 Earth Magic


You had 4 spell levels left.
You knew the following spells:

 Your Spells              Type           Power      Damage    Failure   Level
a - Sandblast             Erth           22%        2d7       14%         1

Your spell library contained the following spells:

 Spells                   Type           Power      Damage    Failure   Level
 Passwall                 Tmut/Erth      6%         N/A       32%         2
 Kiss of Death            Conj/Necr      4%         2d5       43%         1
 Static Discharge         Conj/Air       2%         3-4/arc   56%         2
 Stone Arrow              Conj/Erth      12%        3d7       58%         3
 Confusing Touch          Hex            1%         N/A       80%         3
 Petrify                  Tmut/Erth      8%         N/A       91%         4
 Brom's Barrelling Bould  Conj/Erth      6%         2d3       94%         4
 Airstrike                Air            0%         2d(1-17)  99%         4
 Dispel Undead            Necr           1%         3d6       99%         4
 Summon Lightning Spire   Summ/Air       1%         N/A       99%         4


Dungeon Overview and Level Annotations

Branches:
Dungeon (2/15) Zot: 11169

Altars:

Annotations:
D:2 Terence


Innate Abilities, Weirdness & Mutations

Spells you cast may paralyse adjacent enemies.


Message History

Malevolent energies surge around you. You block Terence's attack.
Unknown command.
Casting: Sandblast (safe; 14% risk of failure)
Confirm with . or Enter, or press ? or * to list all spells.
Aiming: Sandblast (safe; 14% risk of failure)
Press: ? - help, Shift-Dir - straight line, f/p - Terence
Aim: Terence, wielding a +2 trident of venom and wearing a +0 chain mail (87% to hit)
The blast of sand hits Terence but does no damage.
Malevolent energies surge around you.
Terence hits you from afar with a +2 trident of venom. x2
Casting: Sandblast (safe; 14% risk of failure)
Confirm with . or Enter, or press ? or * to list all spells.
Aiming: Sandblast (safe; 14% risk of failure)
Press: ? - help, Shift-Dir - straight line, f/p - Terence
Aim: Terence, wielding a +2 trident of venom and wearing a +0 chain mail (87% to hit)
The blast of sand hits Terence but does no damage.
Malevolent energies surge around you.
Terence hits you from afar with a +2 trident of venom!
* * * LOW HITPOINT WARNING * * *
You are lethally poisoned!
It was a potion of curing.
You feel better.
Terence hits you from afar with a +2 trident of venom.
You are poisoned.
Unknown command.
Casting: Sandblast (safe; 14% risk of failure)
Confirm with . or Enter, or press ? or * to list all spells.
Aiming: Sandblast (safe; 14% risk of failure)
Press: ? - help, Shift-Dir - straight line, f/p - Terence
Aim: Terence, wielding a +2 trident of venom and wearing a +0 chain mail (87% to hit)
The blast of sand hits Terence but does no damage.
Malevolent energies surge around you.
You feel very sick.
Terence says, "Don't bother to defend, it's useless."
Terence closely misses you. x2
Magic courses through your body.
* * * LOW HITPOINT WARNING * * *
You feel sick.
Terence hits you from afar with a +2 trident of venom!
You die...
Terence says, "That felt goooood."

....... .=..... .......
....... [...... ......@
.!.....###
.......@.#####
########.....###########
#####..........>.
#############


You could see Terence.

Vanquished Creatures
  A dart slug (D:1)
  3 bats
  6 endoplasms
  A giant cockroach (D:2)
  3 goblins (D:1)
  A hobgoblin (D:1)
  A quokka (D:2)
  2 ball pythons
  2 frilled lizards (D:1)
  3 rats (D:1)
23 creatures vanquished.

Notes
Turn   | Place    | Note
-------+----------+-------------------------------------------
     0 | D:1      | protoss039 the Demonspawn Earth Elementalist began the
                  | quest for the Orb.
     0 | D:1      | Reached XP level 1. HP: 13/13 MP: 3/3
   204 | D:1      | Gained mutation: Spells you cast may paralyse adjacent
                  | enemies. [demonic ancestry]
   204 | D:1      | Reached XP level 2. HP: 20/20 MP: 1/5
   352 | D:1      | Reached skill level 1 in Fighting
   579 | D:1      | Reached skill level 3 in Earth Magic
   810 | D:2      | Noticed Terence
   818 | D:2      | Slain by Terence

Illustrated notes

Levels and vault maps discovered:
D:1:      dpeg_arrival_simpleton_a, layout_basic
D:2:      layout_rooms, serial_shops, nicolae_shop_real_fake_doors, basic_altar,
          minmay_misc_feat_tiny, minmay_strange_pillars, minmay_three_crescents,
          uniq_jessica, uniq_terence

Skill      XL: |  1  2 |
---------------+-------+-----
Fighting       | 1 |  1.2
Earth Magic    | 3 |  3.0
Short Blades   | |  0.9
Dodging        | |  1.7
Stealth        | |  1.7
Spellcasting   | |  2.3
Transmutations | |  0.8

Action                     || total
---------------------------++-------
  Melee: Dagger            ||    21
   Cast: Sandblast         ||    26
    Use: Potion            ||     2
   Stab: Paralysed         ||     3
         Sleeping          ||     1
 Armour: Robe              ||     9
         Leather armour    ||    14
  Dodge: Dodged            ||    17
  Block: Buckler           ||     1

Table legend: (Time is in decaauts)
 A = Elapsed time spent in this place.
 B = Non-inter-level travel time spent in this place.
 C = Inter-level travel time spent in this place.
 D = Time resting spent in this place.
 E = Time spent auto-exploring this place.
 F = Levels seen in this place.
 G = Mean time per level.
                   A        B        C        D        E       F      G
               +--------+--------+--------+--------+--------+-----+--------+
         Total |    829 |    782 |     47 |     44 |    560 |   2 |  414.5 |
       Dungeon |    829 |    782 |     47 |     44 |    560 |   2 |  414.5 |
               +--------+--------+--------+--------+--------+-----+--------+

Top non-repeatable levels by time:
     D:1: 709 daAuts
     D:2: 120 daAuts
